 Dungeon Crawl Stone Soup version 0.27.1 (webtiles) character file.

Game seed: 4535086882933298633

2888 acemry the Arsonist (level 9, 0/45 HPs)
             Began as a Deep Elf Fire Elementalist on Sept 4, 2021.
             Was an Initiate of Vehumet.
             Slain by a phantom (9 damage)
             ... on level 6 of the Dungeon.
             The game lasted 00:23:11 (11192 turns).

acemry the Arsonist (Deep Elf Fire Elementalist)   Turns: 11192, Time: 00:23:12

Health: 0/45       AC:  3    Str:  5    XL:     9   Next: 48%
Magic:  13/14      EV: 12    Int: 24    God:    Vehumet [......]
Gold:   395        SH:  5    Dex: 15    Spells: 7/17 levels left

rFire    + . .     SeeInvis .   a - staff of fire
rCold    + . .     Faith    .   (no shield)
rNeg     . . .     Spirit   .   y - +0 robe
rPois    +         Reflect  +   (helmet restricted)
rElec    +         Harm     .   (no cloak)
rCorr    .         Rampage  .   C - +0 pair of gloves
Will     .....                  (no boots)
Stlth    ++........             f - amulet of reflection
HPRegen  0.15/turn              g - ring of poison resistance
MPRegen  0.14/turn              z - ring of protection from cold

@: slowed, very slow
A: horns 1, low mp 2, electricity resistance
a: Renounce Religion


You were on level 6 of the Dungeon.
You worshipped Vehumet.
Vehumet was noncommittal.
You visited 2 branches of the dungeon, and saw 8 of its levels.

You collected 444 gold pieces.
You spent 49 gold pieces at shops.

Inventory:

Hand Weapons
 b - a +0 shortbow
 d - a +1 short sword of protection
Missiles
 v - a throwing net
 B - 48 arrows
Armour
 p - a +0 helmet
 y - a +0 robe (worn)
 C - a +0 pair of gloves (worn)
Magical Staves
 a - a staff of fire (weapon)
 u - a staff of earth
Jewellery
 f - an amulet of reflection (around neck)
 g - a ring of poison resistance (left hand)
 z - a ring of protection from cold (right hand)
Wands
 l - a wand of flame (53)
 o - a wand of polymorph (25)
Scrolls
 e - 2 scrolls of enchant weapon
 h - a scroll of immolation
 i - 2 scrolls of magic mapping
 m - 3 scrolls of torment
 q - a scroll of identify
 s - a scroll of holy word {unknown}
 w - a scroll of summoning
 A - 4 scrolls of fog
 D - a scroll of blinking {unknown}
 E - a scroll of acquirement
Potions
 c - a potion of degeneration
 j - 2 potions of might {unknown}
 k - a potion of attraction {unknown}
 n - a potion of ambrosia
 r - a potion of lignification {unknown}
 t - a potion of curing {unknown}
 x - a potion of flight {unknown}


   Skills:
 - Level 2.4 Dodging
 - Level 2.4 Stealth
 + Level 4.6 Spellcasting
 + Level 9.5 Conjurations
 * Level 10.8 Fire Magic


You had 7 spell levels left.
You knew the following spells:

 Your Spells              Type           Power      Damage    Failure   Level
a - Foxfire               Conj/Fire      100%       2x1d9     1%          1
b - Fireball              Conj/Fire      34%        3d14      3%          5
c - Sticky Flame          Conj/Fire      69%        2d8       1%          4

Your spell library contained the following spells:

 Spells                   Type           Power      Damage    Failure   Level
 Conjure Flame            Conj/Fire      69%        6-21      1%          3
 Inner Flame              Hex/Fire       47%        N/A       3%          3
 Freeze                   Ice            20%        1d4       10%         1
 Pain                     Necr           20%        1d5       10%         1
 Hailstorm                Conj/Ice       28%        3d8       13%         4
 Blink                    Tloc           N/A        N/A       14%         2
 Frozen Ramparts          Ice            10%        1d3       28%         3
 Gell's Gravitas          Tloc           2%         N/A       28%         3
 Lesser Beckoning         Tloc           2%         N/A       28%         3
 Summon Guardian Golem    Hex/Summ       5%         N/A       28%         3
 Teleport Other           Tloc           5%         N/A       28%         3
 Tukima's Dance           Hex            5%         N/A       28%         3
 Passage of Golubria      Tloc           N/A        N/A       67%         4
 Manifold Assault         Tloc           5%         N/A       95%         5
 Silence                  Hex/Air        2%         N/A       95%         5
 Summon Forest            Summ/Tloc      2%         N/A       95%         5
 Yara's Violent Unravell  Hex/Tmut       2%         3d3       95%         5
 Dispersal                Tloc           2%         N/A       100%        6
 Eringya's Noxious Bog    Tmut/Pois      2%         N/A       100%        6
 Summon Hydra             Summ           2%         N/A       100%        7
 Lehudib's Crystal Spear  Conj/Erth      14%        10d5      100%        8


Dungeon Overview and Level Annotations

Branches:
Dungeon (7/15)             Temple (1/1) D:6

Altars:
Ashenzari
Cheibriados
Dithmenos
Elyvilon
Fedhas
Gozag
Kikubaaqudgha
Makhleb
Nemelex Xobeh
Okawaru
Qazlal
Ru
Sif Muna
Trog
Uskayaw
Vehumet
Wu Jian
Yredelemnul
Zin
The Shining One

Shops:
D:4 :(*(*


Innate Abilities, Weirdness & Mutations

You have a pair of small horns on your head.
Your magical capacity is very low. (-20% MP)
You are resistant to electric shocks. (rElec)


Message History

It was a potion of ambrosia.
You are confused.
You feel invigorated. The phantom closely misses you. The phantom hits you.
You feel less invigorated.
You feel less confused. The vampire hits your centaur zombie.
The vampire bites your centaur zombie! The phantom hits you!
You hit the phantom but do no damage. You burn the phantom.
The phantom is lightly damaged.
Your centaur zombie barely misses the vampire.
Your centaur zombie kicks the vampire but does no damage.
The vampire hits your centaur zombie. The vampire bites your centaur zombie!
The phantom hits you.
Your centaur zombie hits the vampire but does no damage.
Your centaur zombie barely misses the vampire.
The wraith barely misses you. The vampire hits your centaur zombie!
Your centaur zombie is destroyed!
The phantom hits you but does no damage.
You hit the phantom but do no damage.
The phantom is lightly damaged.
The wraith completely misses you.
Your orc hits the phantom with a +0 flail.
The phantom hits you.
* * * LOW HITPOINT WARNING * * *
The phantom blinks!
You blink.
The wraith closely misses your white imp.
Your orc hits the wraith but does no damage.
The phantom hits you.
* * * LOW HITPOINT WARNING * * *
This is a scroll of acquirement!
Something appears at your feet!
Your white imp gestures at the wraith.
The puff of frost hits the wraith.
The wraith completely resists.
The wraith barely misses your white imp.
Your orc barely misses the wraith.
You block the vampire's attack. The vampire bites you.
* * * LOW HITPOINT WARNING * * *
The vampire draws strength from your injuries!
The phantom hits you!
You die...

...........#......+....'.#8..
.......†...#......######.#...
...........#......##.....#..>
#..........#......##+##..#...
#...........§............#8..
#...####...W..##.........####
#...#######o5## .............
#..........oW## .............
#. .........@.# .............
#####....V## ####.........
#.....# ##........ #.....#
#........#
...'..8.)).....#........#
...#.....#.o...#........# ..
#.....##...##........#
###'#########........# ..
..........)...#


You could see a vampire, a wraith (ally target), a phantom, a friendly orc
wizard (summoned), a friendly white imp (summoned) and a friendly orc
(summoned).

Vanquished Creatures
  Pikel (D:5)
  Sigmund (D:4)
  A steam dragon (D:7)
  Menkaure (D:4)
  Duvessa (D:4)
  A black bear (D:7)
  An ice beast (D:6)
  A hornet zombie (D:7)
  An ogre (D:7)
  3 centaurs (D:7)
  Dowan (D:4)
  2 scorpions
  A wyvern skeleton (D:6)
  2 water moccasin zombies
  2 water moccasin skeletons (D:4)
  6 electric eels (D:5)
  2 hounds (D:6)
  A bullfrog skeleton (D:5)
  2 centaur skeletons
  A gnoll shaman (D:7)
  Ijyb (D:3)
  2 iguanas
  A scorpion zombie (D:5)
  3 orc wizards
  Natasha (thrice) (D:4)
  A hound skeleton (D:4)
  A howler monkey skeleton (D:7)
  9 adders
  3 gnolls (D:6)
  2 river rats (D:6)
  2 shadow imps
  An adder skeleton (D:5)
  A worm (D:3)
  2 dart slugs
  12 orcs
  7 ball pythons
  8 endoplasms
  2 giant cockroaches (D:3)
  6 goblins
  9 hobgoblins
  7 jackals
  6 quokkas
  8 bats
  7 frilled lizards
  10 kobolds
  7 rats
153 creatures vanquished.

Vanquished Creatures (collateral kills)
  6 foxfires (D:5)
6 creatures vanquished.

Vanquished Creatures (others)
  911 foxfires
  2 plants (D:5)
  4 toadstools (D:1)
917 creatures vanquished.

Grand Total: 1076 creatures vanquished

Notes
Turn   | Place    | Note
-------+----------+-------------------------------------------
     0 | D:1      | acemry the Deep Elf Fire Elementalist began the quest for
                  | the Orb.
     0 | D:1      | Reached XP level 1. HP: 10/10 MP: 6/6
   230 | D:1      | Reached XP level 2. HP: 15/15 MP: 2/8
   312 | D:1      | Reached skill level 4 in Fire Magic
   519 | D:1      | Found a faded altar of an unknown god.
   975 | D:1      | Reached XP level 3. HP: 19/19 MP: 6/9
  1569 | D:2      | Reached skill level 5 in Fire Magic
  1946 | D:2      | Reached XP level 4. HP: 24/24 MP: 6/10
  2762 | D:3      | Noticed Ijyb
  2785 | D:3      | Killed Ijyb
  2996 | D:3      | Found an ancient bone altar of Kikubaaqudgha.
  2996 | D:3      | Noticed a scorpion
  3028 | D:3      | Killed a scorpion
  3029 | D:3      | Reached XP level 5. HP: 28/28 MP: 0/11
  3035 | D:3      | Learned a level 5 spell: Fireball
  3150 | D:3      | Found an ornate altar of the Wu Jian Council.
  3285 | D:3      | Got the Reference Book on Captivating Evil
  3290 | D:3      | Found a bloodstained altar of Trog.
  3550 | D:3      | Reached skill level 6 in Fire Magic
  3680 | D:3      | Reached XP level 6. HP: 32/32 MP: 1/12
  3873 | D:3      | Gained mutation: Your spells are a little easier to cast,
                  | but a little less powerful. [potion of mutation]
  3873 | D:3      | Gained mutation: You expend magic power (3 MP) to
                  | strengthen your wands. [potion of mutation]
  3873 | D:3      | Gained mutation: You are resistant to electric shocks.
                  | (rElec) [potion of mutation]
  4277 | D:3      | Found a glowing golden altar of the Shining One.
  4777 | D:4      | Noticed Sigmund
  4777 | D:4      | Found Ela Dayhull's Weapon Boutique.
  4777 | D:4      | Found Enleur's Book Shoppe.
  4782 | D:4      | Noticed Natasha
  4783 | D:4      | Killed Sigmund
  4784 | D:4      | Reached skill level 5 in Conjurations
  4786 | D:4      | Killed Natasha
  4837 | D:4      | Noticed Natasha
  4841 | D:4      | Killed Natasha
  4842 | D:4      | Reached XP level 7. HP: 28/36 MP: 3/13
  4950 | D:4      | Noticed Natasha
  4954 | D:4      | Killed Natasha
  4955 | D:4      | Reached skill level 7 in Fire Magic
  5019 | D:4      | Found Ineci's Assorted Antiques.
  5066 | D:4      | Bought a pink potion for 23 gold pieces
  5066 | D:4      | Bought a scroll labelled NAOTIG BECHUHOST for 26 gold
                  | pieces
  5225 | D:4      | Found Istouna's Assorted Antiques.
  5230 | D:4      | Found a snail-covered altar of Cheibriados.
  5230 | D:4      | Found a broken altar of Ashenzari.
  5257 | D:4      | Found Sycamnou's Antique Weapon Shop.
  5558 | D:4      | Noticed Duvessa
  5558 | D:4      | Noticed Dowan
  5580 | D:4      | Found a stormy altar of Qazlal.
  5611 | D:4      | Noticed Menkaure
  5621 | D:4      | Killed Menkaure
  5766 | D:4      | Killed Duvessa
  5777 | D:4      | Killed Dowan
  5994 | D:4      | Reached skill level 8 in Fire Magic
  6164 | D:4      | Lost mutation: You expend magic power (3 MP) to strengthen
                  | your wands. [potion of mutation]
  6164 | D:4      | Lost mutation: Your spells are a little easier to cast, but
                  | a little less powerful. [potion of mutation]
  6164 | D:4      | Gained mutation: Your magical capacity is low. (-10% MP)
                  | [potion of mutation]
  6164 | D:4      | Gained mutation: You have a pair of small horns on your
                  | head. [potion of mutation]
  6164 | D:4      | Gained mutation: Your magical capacity is very low. (-20%
                  | MP) [potion of mutation]
  6269 | D:4      | Reached XP level 8. HP: 29/41 MP: 7/12
  6809 | D:5      | Entered Level 5 of the Dungeon
  7144 | D:5      | Noticed Pikel
  7161 | D:5      | Killed Pikel
  7162 | D:5      | Reached skill level 9 in Fire Magic
  7401 | D:5      | Found a basalt altar of Yredelemnul.
  7707 | D:5      | Identified the +1 ring mail of a Labyrinth {Will- Str+3
                  | Int+3}
  8840 | D:6      | Learned a level 4 spell: Sticky Flame
  8854 | D:6      | Found an opulent altar of Gozag.
  8872 | D:6      | Found a staircase to the Ecumenical Temple.
  9092 | D:7      | Reached XP level 9. HP: 24/45 MP: 8/13
  9094 | D:7      | Reached skill level 10 in Fire Magic
 10059 | D:7      | Found a glowing silver altar of Zin.
 10662 | Temple   | Entered the Ecumenical Temple
 10777 | Temple   | Became a worshipper of Vehumet
 10924 | D:6      | Found a hide-covered altar of Uskayaw.
 11192 | D:6      | Identified 2 scrolls of acquirement
 11192 | D:6      | Acquired the +3 pair of seven-league boots {Rampage+∞}
 11192 | D:6      | Found the +3 pair of seven-league boots {Rampage+∞}
 11192 | D:6      | Slain by a phantom

Illustrated notes

Levels and vault maps discovered:
D:1:      ldierk_walled_garden_2, layout_basic, chequers_ecumenical_altar_simple
D:2:      layout_basic, wad_floor_pattern_2, chequers_serial_rivers_room_b,
          corexii_leaking_fountain
D:3:      kennysheep_big_flooded_room, layout_basic,
          mainiacjoe_overflow_alcove_2, mainiacjoe_overflow_catwalk_spiral,
          trog_butcher_becter, serial_curves, eino_curves_02, eino_curves_03,
          st_stairs_7, uniq_ijyb
D:4:      layout_gridville, lemuel_coloured_pillars_altar, jmf_multi_god_temple,
          serial_shops, nicolae_stop_n_shop_1, shop, shop, shop, st_stairs_3,
          supply_closet_lemuel, nicolae_inconvenience_store, minmay_checkerbox,
          uniq_natasha, uniq_sigmund, uniq_duvessa, uniq_menkaure
D:5:      cheibrodos_two_vegetables, layout_basic, marbit_many_paths, uniq_pikel
D:6:      layout_basic, nicolae_hepliaklqana_monster_ancestors,
          grunt_gozag_breadcrumbs, nicolae_uskayaw_dance_hall,
          minmay_temple_entry_from_below_b, nicolae_ossuary_entry_giza,
          portal_sewer_entry_b, minmay_three_doors
D:7:      layout_loops_corners, mainiacjoe_overflow_tiny_flanked,
          minmay_diced_spiral
Temple:   nicolae_temple_figure_zero

Skill      XL: |  1  2  3  4  5  6  7  8  9 |
---------------+----------------------------+-----
Fire Magic     | 4 5 6 8 9 10 | 10.8
Conjurations   | 2 3 4 5 7 9 |  9.5
Spellcasting   | 4 |  4.6
Dodging        | |  2.4
Stealth        | |  2.4

Action                   |  1- 3 |  4- 6 |  7- 9 || total
-------------------------+-------+-------+-------++-------
Melee: Short sword       |       |    29 |    25 ||    54
       Headbutt          |       |       |     3 ||     3
       Staff             |       |       |    13 ||    13
 Cast: Foxfire           |   103 |   155 |   275 ||   533
       Fireball          |       |       |     2 ||     2
       Sticky Flame      |       |       |     4 ||     4
  Use: Scroll            |     3 |       |     9 ||    12
       Potion            |       |     1 |     2 ||     3
Armor: Robe              |     2 |    23 |    15 ||    40
Dodge: Dodged            |    20 |    13 |    50 ||    83
Block: Other             |     3 |     7 |    22 ||    32
       Reflection        |       |       |     3 ||     3
